Map: Catalyst LE

Players

Mamba

  • Race: Zerg Zerg
  • League: Grandmaster
  • Spawn Location: 5:00

lIlIlIlIlIlI - Winner!

  • Race: Terran Terran
  • Spawn Location: 11:00

VOD

Have the link to the VOD?

Description

Time

  • Played on: Dec. 29, 2017, 2:23 p.m.
  • Length: 10:34
Show
View Real Time Build Order
Export as new Build Order

Mamba Zerg 

Build Orders: Hatch First 

Get SALT Encoding   

  12  0:00  Drone  
  13  0:13  Overlord  
  13  0:17  Drone  
  14  0:31  Drone x2  
  16  0:48  Hatchery  
  15  0:51  Drone  
  15  0:56  Drone  
  17  1:00  Drone  
  18  1:06  Extractor  
  17  1:14  Spawning Pool  
  17  1:17  Drone  
  17  1:21  Drone  
  18  1:29  Drone  
  19  1:42  Overlord  
  19  1:52  Drone  
  20  2:01  Queen x2  
  20  2:06  Zergling x4  
  26  2:08  Metabolic Boost  
  26  2:19  Drone  
  26  2:20  Drone  
  28  2:24  Drone  
  28  2:25  Drone  
  30  2:35  Spore Crawler  
  29  2:37  Queen  
  29  2:41  Queen  
  29  2:43  Overlord  
  34  2:48  Overlord  
  34  2:50  Drone  
  35  2:53  Drone  
  36  3:04  Drone x2  
  38  3:09  Drone x5  
  43  3:13  Drone x2  
  45  3:27  Drone  
  45  3:29  Extractor  
  45  3:33  Hatchery  
  45  3:35  Overlord  
  45  3:41  Zergling x2  
  45  3:42  Zergling x2  
  45  3:45  Queen  
  49  3:54  Queen  
  51  3:56  Drone x7  
  58  4:05  Overlord  
  58  4:15  Overlord x2  
  58  4:16  Extractor  
  57  4:22  Lair  
  57  4:27  Drone x3  
  60  4:35  Drone x6  
  66  4:42  Drone  
  67  4:46  Drone  
  68  4:56  Spore Crawler  
  68  4:58  Zergling x2  
  68  4:59  Zergling x6  
  67  5:02  Drone x3  
  70  5:12  Zergling x4  
  72  5:16  Drone x3  
  72  5:21  Drone  
  72  5:22  Drone x4  
  77  5:30  Drone x4  
  77  5:33  Extractor  
  77  5:34  Evolution Chamber  
  77  5:35  Drone x2  
  81  5:36  Extractor  
  81  5:37  Evolution Chamber, Hydralisk Den  
  81  5:39  Extractor  
  81  5:41  Baneling Nest  
  76  5:46  Drone x4  
  76  5:49  Extractor  
  79  5:54  Drone x3  
  82  5:57  Hatchery  
  82  5:59  Overlord x2  
  82  6:01  Drone  
  82  6:06  Zerg Melee Weapons Level 1  
  82  6:07  Hatchery, Zerg Ground Armor Level 1  
  81  6:11  Muscular Augments  
  81  6:12  Drone  
  82  6:19  Drone x6  
  81  6:43  Hydralisk x4  
  88  6:56  Hydralisk x2  
  88  7:00  Centrifical Hooks  
  89  7:05  Overlord x2  
  89  7:07  Overlord  
  89  7:11  Hydralisk x3  
  95  7:19  Hydralisk x3  
  95  7:21  Overlord x2  
  95  7:22  Overlord x3  
  101  7:25  Hydralisk  
  101  7:26  Hydralisk x6  
  101  7:29  Overseer  
  115  7:37  Zergling x14  
  116  7:42  Zergling x10  
  116  7:43  Zergling x2  
  128  7:51  Zergling x16  
  133  7:59  Baneling  
  133  8:00  Baneling x12  
  133  8:01  Baneling  
  131  8:06  Hatchery  
  131  8:11  Hydralisk x4  
  98  8:20  Hydralisk x3  
  98  8:21  Hydralisk  
  96  8:28  Drone x2  
  96  8:29  Hydralisk  
  96  8:30  Hydralisk x2  
  96  8:33  Hydralisk  
  99  8:37  Hydralisk x2  
  103  8:46  Zergling x16  
  109  9:01  Zergling x2  
  109  9:02  Zergling x12  
  116  9:05  Zergling x2  
  116  9:06  Zergling x4  
  119  9:12  Zergling x10  
  119  9:14  Baneling x4  
  119  9:15  Baneling x2  
  119  9:16  Baneling  
  119  9:17  Baneling x2  
  120  9:18  Zergling x2  
  108  9:28  Hydralisk x4  
  108  9:30  Hydralisk  
  102  9:34  Hydralisk  
  102  9:35  Hydralisk  
  106  9:40  Hydralisk x3  
  112  9:50  Zergling x14  
  112  9:52  Baneling x3  
  119  9:53  Baneling x2  
  119  9:54  Baneling  
  119  10:00  Zergling x8  
Show
View Real Time Build Order
Export as new Build Order

lIlIlIlIlIlI Terran - Winner!

Build Orders: Liberator Opening, Reaper Expand, MMM Bio 

Get SALT Encoding   

  12  0:00  SCV  
  13  0:12  SCV  
  14  0:17  Supply Depot  
  14  0:24  SCV  
  15  0:38  SCV  
  15  0:39  Barracks  
  16  0:44  Refinery  
  16  0:50  SCV  
  17  1:03  SCV  
  18  1:15  SCV  
  19  1:27  Orbital Command, Reaper  
  20  1:41  Command Center  
  20  1:53  SCV  
  21  1:57  Supply Depot  
  21  1:59  Marine  
  22  2:05  Factory  
  22  2:09  SCV  
  22  2:14  Refinery  
  23  2:21  SCV  
  24  2:22  Barracks Reactor  
  24  2:33  SCV  
  25  2:45  SCV  
  25  2:50  Starport  
  26  2:53  Orbital Command  
  26  2:57  SCV  
  27  3:03  Hellion x2  
  31  3:09  Barracks Tech Lab, SCV  
  32  3:19  SCV  
  33  3:21  SCV  
  33  3:24  Hellion x2, Liberator  
  38  3:30  Supply Depot  
  38  3:37  SCV x2  
  39  3:46  Hellion x2  
  46  3:50  Armory  
  46  3:51  SCV x2  
  48  4:03  SCV x2  
  50  4:13  Command Center  
  50  4:15  Barracks Tech Lab  
  50  4:17  SCV x2  
  52  4:30  SCV x2  
  54  4:33  Stimpack  
  54  4:40  Supply Depot  
  54  4:42  Factory Reactor  
  54  4:45  Liberator  
  54  4:46  Barracks  
  54  4:47  Engineering Bay, Barracks  
  54  4:48  Hellion x3  
  54  4:51  Engineering Bay  
  54  4:56  SCV x2  
  52  5:02  Supply Depot  
  53  5:08  SCV x2  
  53  5:12  Marine  
  54  5:22  SCV x2  
  54  5:27  Orbital Command, Terran Infantry Weapons Level 1, Terran Infantry Armor Level 1  
  52  5:29  Refinery  
  52  5:32  Marine x2  
  52  5:33  Refinery, Factory Tech Lab  
  52  5:34  SCV x2  
  56  5:36  Barracks  
  56  5:38  Barracks  
  56  5:40  Marine x2  
  58  5:44  Marine  
  58  5:45  Starport Reactor  
  58  5:46  SCV  
  58  5:47  SCV  
  61  5:50  Marine x2  
  63  5:57  Siege Tank  
  63  5:58  Marine x2  
  63  6:02  Supply Depot, Marine  
  63  6:03  Orbital Command, Supply Depot  
  69  6:06  Supply Depot  
  69  6:08  Marine  
  70  6:12  Marine  
  70  6:14  SCV  
  70  6:15  SCV, Marine  
  70  6:16  Marine  
  75  6:19  Marine  
  75  6:22  Medivac x2  
  75  6:25  Barracks Reactor  
  81  6:26  Barracks Reactor, Marine  
  81  6:30  Marine  
  82  6:35  SCV x3, Marine  
  82  6:36  Combat Shields, Marine  
  82  6:37  Marine  
  85  6:44  Marine  
  86  6:50  SCV x2  
  86  6:51  SCV  
  86  6:52  Medivac x2  
  93  7:01  Marine x3  
  90  7:02  Marine x3  
  90  7:04  Supply Depot  
  90  7:05  Siege Tank, Supply Depot  
  90  7:06  SCV  
  90  7:07  SCV x2  
  102  7:16  Command Center  
  102  7:19  SCV x3  
  105  7:25  Terran Infantry Armor Level 2  
  105  7:29  Supply Depot  
  105  7:30  Supply Depot  
  105  7:31  Refinery, SCV x3  
  105  7:32  Refinery  
  105  7:33  Terran Infantry Weapons Level 2  
  108  7:43  SCV x3  
  110  7:52  Siege Tank, Marine x3  
  110  7:53  Marine x6  
  110  7:58  Supply Depot  
  122  7:59  Supply Depot  
  121  8:10  Marine x3  
  113  8:14  Marine x4  
  111  8:22  Marine  
  111  8:25  Marine  
  108  8:28  Marine x3  
  108  8:31  Medivac x2, Siege Tank  
  108  8:32  Marine x3  
  116  8:37  Marine  
  116  8:38  Starport x2  
  116  8:40  Fusion Core, Marine  
  118  8:43  Supply Depot, Marine  
  118  8:44  Supply Depot  
  118  8:46  Marine x3  
  118  8:47  Factory  
  122  8:49  Marine  
  122  8:50  Marine x2  
  122  8:55  Marine  
  123  8:58  Marine, Planetary Fortress  
  123  9:01  Marine  
  126  9:03  Siege Tank, Marine  
  126  9:04  Marine  
  126  9:10  Medivac x2  
  126  9:14  Marine x5  
  126  9:16  Marine  
  134  9:19  Marine  
  134  9:21  Refinery, Marine  
  134  9:22  Refinery  
  134  9:23  Liberator x2  
  123  9:24  Marine  
  110  9:32  Marine x2  
  110  9:34  Marine  
  110  9:36  Starport Tech Lab  
  110  9:37  Starport Reactor  
  109  9:38  Factory Tech Lab  
  109  9:40  Marine  
  113  9:46  Barracks  
  113  9:48  Siege Tank, Marine x3  
  113  9:49  Marauder, Marine x2  
  113  9:50  Barracks, Marine  
  113  9:51  Barracks  
  113  9:52  Marine  
  125  9:58  SCV  
  125  9:59  SCV  
  127  10:06  Command Center  
Tags
 
Add a new tag
Caveats
  • Supply blocks, unpowered buildings, or Contaminate may cause inaccurate times.
  • Supply counts are checked every 10 seconds.